 Dungeon Crawl Stone Soup version 0.29-a0-341-g24ffce5b50 (webtiles) character file.

Game seed: 4953754319588815951

6246 sokol815 the Covert (level 10, -1/74 HPs)
             Began as an Octopode Gladiator on Apr 21, 2022.
             Was a Follower of Ashenzari.
             Killed by divine providence
             ... invoked by an orc priest
              (14 damage)
             ... on level 9 of the Dungeon.
             The game lasted 00:27:14 (8131 turns).

sokol815 the Covert (Octopode Gladiator)            Turns: 8131, Time: 00:27:15

Health: -1/74      AC:  2    Str: 20    XL:     10   Next: 93%
Magic:  14/17      EV: 13    Int: 15    God:    Ashenzari [*.....]
Gold:   488        SH:  0    Dex: 13    Spells: 14/18 levels left

rFire   + . .      SeeInvis .   a - +1 trident
rCold   . . .      Faith    .   (no shield)
rNeg    + . .      Spirit   .   b - +1 hat
rPois   +          Reflect  .   r - amulet "Share My Skepticism" {rN+ Regen+, Comp, Elem} (curse)
rElec   .          Harm     .   n - ring of Ashenzari's Regret {rPois, rPois, !d, Melee, Self} (curse)
rCorr   .          Rampage  .   Z - ring of wizardry {Wiz+, !d}
Will    +....                   W - ring of willpower
Stlth   +++++.....              A - +6 ring of strength
HPRegen 1.02/turn               F - ring "Gloom of Ashenzari" {rF+, rF+, !d, Evo, Elem} (curse)
MPRegen 0.15/turn               (no ring)
                                (no ring)
                                (no ring)

@: lethally poisoned (-1 -> -1), hasted, very quick
A: almost no armour, amphibious, 8 rings, camouflage 1, gelatinous body 1,
(nimble swimmer 1), tentacles
a: Renounce Religion, Curse Item, Shatter the Chains


You were on level 9 of the Dungeon.
You worshipped Ashenzari.
Ashenzari was aware of your devotion.
You visited 1 branch of the dungeon, and saw 9 of its levels.

You collected 488 gold pieces.

Inventory:

Hand Weapons
 a - a +1 trident (weapon)
 f - a +0 lajatang
   (You found it on level 2 of the Dungeon)
 j - a +2 whip of freezing
   (You took it off a kobold on level 3 of the Dungeon)
 l - a +2 flail of holy wrath
   (You took it off Edmund on level 4 of the Dungeon)
 m - a +5 battleaxe
   (You took it off a wight on level 6 of the Dungeon)
 o - a +4 dagger
   (You took it off a wight on level 6 of the Dungeon)
 p - a +3 war axe
   (You took it off an orc on level 5 of the Dungeon)
 t - a +1 whip of flaming
   (You took it off Pikel on level 5 of the Dungeon)
 u - a +0 dagger of venom
   (You took it off an orc on level 6 of the Dungeon)
 x - the +4 flail of Joremihy {holy, rC+ rCorr Str+2}
   (You found it on level 7 of the Dungeon)

   It has been blessed by the Shining One to cause great damage to the undead
   and demons.
   Str:       It affects your strength (+2).
   rC:        It protects you from cold.
   rCorr:     It protects you from acid and corrosion.
 z - a +0 short sword of speed
   (You took it off an orc on level 7 of the Dungeon)
 B - a +0 trident
   (You found it on level 8 of the Dungeon)
Missiles
 c - 3 throwing nets {!d}
 d - 11 javelins
 i - 10 poisoned darts
 s - 243 stones
 y - a boomerang of dispersal {=f}
 D - a curare-tipped dart
Armour
 b - a +1 hat (worn)
Jewellery
 n - the cursed ring of Ashenzari's Regret (left tentacle) {rPois, rPois, !d, Melee, Self}
   (You found it on level 2 of the Dungeon)

   [ring of poison resistance]

   rPois:     It protects you from poison.
   It has a curse which improves the following skills: Melee Combat: Short
   Blades, Long Blades, Axes, Maces & Flails, Polearms, Staves and Unarmed
   Combat.
   Introspection: Fighting and Spellcasting.
 r - the cursed amulet "Share My Skepticism" (around mantle) {rN+ Regen+, Comp, Elem}
   (You found it on level 4 of the Dungeon)

   [amulet of regeneration]

   rN:        It protects you from negative energy.
   Regen:     It increases your rate of health regeneration.
   It has a curse which improves the following skills: Companions: Summonings
   and Necromancy.
   Elements:  Fire Magic, Ice Magic, Air Magic and Earth Magic.
 A - a +6 ring of strength (on tentacle)
   (You found it on level 7 of the Dungeon)
 F - the cursed ring "Gloom of Ashenzari" (on tentacle) {rF+, rF+, !d, Evo, Elem}
   (You found it on level 7 of the Dungeon)

   [ring of protection from fire]

   rF:        It protects you from fire.
   It has a curse which improves the following skills: Evocations: Evocations.
   Elements:  Fire Magic, Ice Magic, Air Magic and Earth Magic.
 W - a ring of willpower (on tentacle)
   (You found it on level 7 of the Dungeon)
 Z - a ring of wizardry (right tentacle) {Wiz+, !d}
   (You found it on level 5 of the Dungeon)
Wands
 q - a wand of flame (10)
   (You found it on level 6 of the Dungeon)
Scrolls
 h - 4 scrolls of enchant weapon
 k - 2 scrolls of enchant armour
 v - a scroll of brand weapon
 C - a scroll of amnesia
 E - a scroll of fear
 O - a scroll of silence
 X - a scroll of magic mapping {@r4!r}
 Y - a scroll of teleportation {@r3}
Potions
 e - a potion of cancellation
 g - 3 potions of attraction {!q}
 w - a potion of magic
 G - a potion of ambrosia {!q}
 L - 2 potions of flight
 M - 4 potions of might
 T - a potion of berserk rage {!q}
 U - 3 potions of mutation {!q}


   Skills:
 + Level 8.3(9.2) Fighting
 + Level 10.0(10.8) Polearms
 - Level 2.0 Throwing
 - Level 3.0 Dodging
 + Level 10.7 Stealth
 * Level 4.1(4.9) Spellcasting
 * Level 3.4(4.2) Summonings
 * Level 3.4(4.6) Air Magic


You had 14 spell levels left.
You knew the following spells:

 Your Spells              Type           Power      Damage    Failure   Level
a - Summon Lightning Spi  Summ/Air       17%        N/A       11%         4

Your spell library contained the following spells:

 Spells                   Type           Power      Damage    Failure   Level
 Corpse Rot               Necr/Air       20%        N/A       4%          2
 Poisonous Vapours        Pois/Air       20%        N/A       4%          2
 Freeze                   Ice            16%        1d4       6%          1
 Apportation              Tloc           6%         N/A       7%          1
 Airstrike                Air            8%         N/A       10%         4
 Frozen Ramparts          Ice            8%         1d2       19%         3
 Inner Flame              Hex/Fire       3%         N/A       19%         3
 Cause Fear               Hex            1%         N/A       52%         4
 Hailstorm                Conj/Ice       3%         3d3       52%         4
 Passage of Golubria      Tloc           3%         N/A       52%         4
 Lightning Bolt           Conj/Air       5%         1d17      54%         5
 Silence                  Hex/Air        5%         N/A       54%         5
 Borgnjor's Vile Clutch   Necr/Erth      2%         N/A       83%         5
 Alistair's Intoxication  Tmut/Pois      2%         N/A       86%         5
 Eringya's Noxious Bog    Tmut/Pois      1%         N/A       100%        6
 Discord                  Hex            1%         N/A       100%        8
 Lehudib's Crystal Spear  Conj/Erth      1%         10d2      100%        8


Dungeon Overview and Level Annotations

Branches:
Dungeon (9/15)             Temple (0/1) D:6
   Lair: D:8-11         Orc: D:9-12

Altars:
Ashenzari
Hepliaklqana
Kikubaaqudgha
Trog
The Shining One

Shops:
D:9 ?

Annotations:
D:4 exclusion: sky beast


Innate Abilities, Weirdness & Mutations

You cannot wear most types of armour.
You are amphibious.
You can wear up to eight rings at the same time.
Your skin changes colour to match your surroundings (Stealth+).
Your rubbery body absorbs attacks. (AC +1, EV +1)
((You are camouflaged when in or above water. (Stealth+)))
You have tentacles for arms and can constrict up to eight enemies at once.


Message History

You completely miss the orc zombie.
The orc priest shouts!
You grab the orc zombie. You constrict the orc zombie.
You hear an angry buzzing noise.
An orc comes into view. It is wielding a +0 hand axe.
The orc zombie misses you.
The orc shouts!
You puncture the orc zombie!
You destroy the orc zombie!
You hear a shout!
You hear an angry buzzing noise. x2; You hear a croak.
You hear an angry buzzing noise. x2
An orc priest comes into view. It is wielding a +0 hand axe.
An electric hum fills the air.
You now have 13/17 mp.
Unknown command.
Reach: a) +1 trident
Aim: an orc priest, wielding a +0 dagger (ally target, about 33% to evade your +1 trident)
You reach to attack!
You closely miss the orc priest.
Reach: a) +1 trident
Aim: an orc priest, wielding a +0 dagger (ally target, about 33% to evade your +1 trident)
You reach to attack!
You puncture the orc priest!
Your lightning spire shoots out a bolt of lightning at the orc priest!
The bolt of electricity hits the orc priest!
The orc priest dies!
Reach: a) +1 trident
Aim: a killer bee (about 56% to evade your +1 trident)
You reach to attack!
You closely miss the killer bee.
An orc comes into view. It is wielding a +0 dagger.
Your lightning spire shoots out a bolt of lightning at the killer bee!
The bolt of electricity misses the killer bee.
The killer bee stings you.
You take 4 damage, and have 57/74 hp.
You barely miss the killer bee.
The orc shouts!
You grab the killer bee. You squeeze the killer bee!
You constrict the killer bee. The killer bee misses you.
The orc hits you with a +0 hand axe.
Your lightning spire shoots out a bolt of lightning at the killer bee!
The bolt of electricity hits the killer bee.
The killer bee dies!
You take 1 damage, and have 56/74 hp.
You closely miss the orc. Your grab misses the orc. You squeeze the orc.
The orc priest invokes the aid of Beogh against you.
Pain shoots through your body!
You take 1 damage, and have 55/74 hp.
You puncture the orc!
You kill the orc!
Your lightning spire shoots out a bolt of lightning at the killer bee!
The bolt of electricity hits the killer bee!
Reach: a) +1 trident
Aim: a killer bee (heavily wounded, ally target, about 56% to evade your +1 trident)
You reach to attack!
You barely miss the killer bee.
A killer bee comes into view.
You miss the killer bee. You grab the killer bee.
Your squeeze misses the killer bee. You constrict the killer bee.
The killer bee stings you but does no damage.
The killer bee stings you!
You are poisoned.
The killer bee poisons you!
An orc priest comes into view. It is wielding a +0 flail.
You take 8 damage, and have 48/74 hp.
The orc priest shouts!
You puncture the killer bee!
You kill the killer bee!
You feel sick.
You hear an angry buzzing noise. x2; You hear a loud, deep croak!
You take 1 damage, and have 47/74 hp.
You hit the killer bee. Your grab misses the killer bee.
You feel sick. The killer bee stings you!
The orc priest looks encouraged for a moment.
The orc priest barely misses you. The killer bee misses you.
You take 8 damage, and have 39/74 hp.
You hit the killer bee. Your grab misses the killer bee.
You squeeze the killer bee!
You feel sick. The killer bee stings you.
The orc priest hits you with a +0 hand axe.
An orc comes into view. It is wielding a +0 club.
Your lightning spire shoots out a bolt of lightning at the orc priest!
The bolt of electricity hits the orc!
The bolt of electricity hits the orc priest!
The killer bee misses you. The killer bee stings you.
You take 15 damage, and have 24/74 hp.
MASSIVE DAMAGE!!
You feel yourself speed up.
You feel sick. The killer bee closely misses you. The killer bee stings you!
* * * LOW HITPOINT WARNING * * *
A killer bee comes into view.
The orc hits your lightning spire but does no damage.
Your lightning spire shoots out a bolt of lightning at the orc priest!
The bolt of electricity hits the orc priest.
The killer bee closely misses you. The killer bee stings you.
* * * LOW HITPOINT WARNING * * *
You take 10 damage, and have 14/74 hp.
Unknown command.
A killer bee comes into view.
You feel sick.
A killer bee comes into view.
The orc priest hits your lightning spire but does no damage.
The orc priest mumbles some strange prayers to Beogh against you.
Beogh smites you!
You die...

#.......######..........
#.......# ####.<...##
#.......# ##≈≈≈Z.....#
#########.)##.###≈≈≈≈≈####.#
..##.....#))#....≈≈∩≈≈# #
..........#......≈≈(≈≈##
..........)##.....≈(≈.<...
...........##......(####...
......[...)##...@(.8.......
...........)....yyoo###.###
......########...)........
......# #..y#...####.
......# #.......(.. ..##..#
#..y######oo. ####### #.#.y
F. #####. . ##


You could see 5 killer bees, 2 orc priests, an orc (distracted), an orc skeleton
and a friendly lightning spire (summoned).

Vanquished Creatures
  Pikel (D:5)
  5 yaks
  4 steam dragons
  Menkaure (D:5)
  Edmund (D:4)
  3 water moccasins
  An acid dragon (D:8)
  2 orc warriors
  3 sky beasts
  3 black bears
  A hornet zombie (D:8)
  An ogre (D:5)
  2 centaurs (D:6)
  5 necrophages
  A kobold brigand (D:9)
  A wyvern zombie (D:8)
  A scorpion (D:9)
  4 wights (D:6)
  8 killer bees
  4 centaur zombies (D:8)
  A human zombie (D:8)
  2 hounds (D:6)
  3 orc priests
  3 jellies
  A gnoll shaman (D:8)
  4 iguanas
  7 orc wizards
  3 mummies (D:8)
  9 gnolls
  10 adders
  2 shadow imps (D:7)
  3 white imps
  An ufetubus (D:3)
  3 dart slugs
  27 orcs
  11 ball pythons
  5 endoplasms
  5 giant cockroaches
  9 goblins
  6 hobgoblins
  2 quokkas
  4 bats
  3 frilled lizards (D:1)
  11 kobolds
  An orc zombie (D:9)
  5 rats
193 creatures vanquished.

Vanquished Creatures (collateral kills)
  A two-headed ogre (D:9)
  An orc warrior (D:9)
  A killer bee (D:9)
  An orc priest (D:9)
  An orc wizard (D:9)
5 creatures vanquished.

Vanquished Creatures (others)
  17 fungi (D:9)
  13 plants (D:9)
30 creatures vanquished.

Grand Total: 228 creatures vanquished

Notes
Turn   | Place    | Note
-------+----------+-------------------------------------------
     0 | D:1      | sokol815 the Octopode Gladiator began the quest for the
                  | Orb.
     0 | D:1      | Reached XP level 1. HP: 14/14 MP: 1/1
    89 | D:1      | Reached XP level 2. HP: 19/19 MP: 2/2
   434 | D:1      | Reached skill level 4 in Polearms
   551 | D:1      | Reached XP level 3. HP: 24/24 MP: 3/3
  1268 | D:2      | Found a broken altar of Ashenzari.
  1304 | D:2      | Became a worshipper of Ashenzari the Shackled
  1321 | D:2      | Reached XP level 4. HP: 27/29 MP: 4/4
  1613 | D:2      | Reached skill level 5 in Polearms
  1762 | D:3      | Reached XP level 5. HP: 26/34 MP: 5/5
  2009 | D:3      | Found a broken altar of Ashenzari.
  2009 | D:3      | Found a glowing golden altar of the Shining One.
  2487 | D:4      | Noticed Edmund
  2513 | D:4      | Found a bloodstained altar of Trog.
  2617 | D:4      | Killed Edmund
  2618 | D:4      | Reached skill level 3 in Fighting
  2618 | D:4      | Reached skill level 6 in Polearms
  2618 | D:4      | Reached XP level 6. HP: 16/42 MP: 6/6
  3075 | D:4      | Identified the amulet of the Winnowing Coward {rN+ Regen+}
  3199 | D:4      | Noticed a sky beast
  3406 | D:5      | Entered Level 5 of the Dungeon
  3470 | D:5      | Reached skill level 4 in Fighting
  3505 | D:5      | Noticed Menkaure
  3506 | D:5      | Reached XP level 7. HP: 49/49 MP: 7/7
  3528 | D:5      | Killed Menkaure
  3529 | D:5      | Reached skill level 7 in Polearms
  3647 | D:5      | Reached skill level 5 in Fighting
  3804 | D:5      | Noticed Pikel
  3832 | D:5      | Killed Pikel
  3833 | D:5      | Reached skill level 5 in Stealth
  3833 | D:5      | Reached XP level 8. HP: 33/57 MP: 8/8
  3869 | D:5      | Found a hazy altar of Hepliaklqana.
  3921 | D:5      | Found the amulet of Vitality {Regen+ HP+15}
  3950 | D:5      | Reached skill level 8 in Polearms
  4023 | D:5      | Reached skill level 6 in Fighting
  4106 | D:5      | Reached skill level 6 in Stealth
  4578 | D:6      | Reached * piety under Ashenzari
  4670 | D:6      | Reached skill level 7 in Stealth
  4686 | D:6      | Reached XP level 9. HP: 63/64 MP: 9/9
  4715 | D:6      | Found a staircase to the Ecumenical Temple.
  4730 | D:6      | Reached skill level 8 in Stealth
  5178 | D:6      | Reached skill level 9 in Stealth
  5293 | D:7      | Identified the +4 flail of Joremihy {holy, rC+ rCorr Str+2}
  5427 | D:6      | Reached skill level 7 in Fighting
  5600 | D:7      | Reached skill level 9 in Polearms
  5714 | D:7      | Reached skill level 10 in Stealth
  5717 | D:7      | HP: 8/66 [steam dragon/ball of steam (18)]
  5722 | D:7      | HP: 16/66 [steam dragon (1)]
  6050 | D:8      | Reached skill level 1 in Spellcasting
  6055 | D:8      | Reached XP level 10. HP: 33/73 MP: 10/12
  6060 | D:8      | HP: 18/73 [poisoned by a killer bee]
  6065 | D:8      | HP: 18/73 [poisoned by a killer bee]
  6171 | D:8      | Reached skill level 2 in Spellcasting
  6187 | D:8      | Found an ancient bone altar of Kikubaaqudgha.
  6234 | D:8      | Learned a level 4 spell: Summon Lightning Spire
  6430 | D:8      | Reached skill level 8 in Fighting
  6623 | D:7      | HP: 14/73 [yak (10)]
  6625 | D:7      | HP: 5/73 [yak (10)]
  6759 | D:7      | Reached skill level 1 in Summonings
  6759 | D:7      | Reached skill level 1 in Air Magic
  7097 | D:8      | Reached skill level 3 in Spellcasting
  7342 | D:8      | Reached skill level 2 in Summonings
  7635 | D:7      | Reached skill level 2 in Air Magic
  7719 | D:9      | Found Woithrued's Magic Scroll Boutique.
  7722 | D:9      | Noticed a two-headed ogre
  7856 | D:9      | HP: 17/74 [killer bee (8)]
  7874 | D:9      | HP: 17/74 [poisoned by a water moccasin]
  7879 | D:9      | HP: 18/111 [poisoned by a water moccasin]
  7884 | D:9      | HP: 18/111 [poisoned by a water moccasin]
  7949 | D:9      | Killed a two-headed ogre
  7950 | D:9      | Reached skill level 3 in Summonings
  7950 | D:9      | Reached skill level 3 in Air Magic
  8006 | D:9      | Reached skill level 10 in Polearms
  8006 | D:9      | Reached skill level 4 in Spellcasting
  8130 | D:9      | HP: 15/74 [killer bee (9)]
  8131 | D:9      | Killed from afar by an orc priest

Illustrated notes

Levels and vault maps discovered:
D:1:      lightli_arrival_statuegarden, layout_basic
D:2:      layout_basic, basic_altar, minmay_bisected
D:3:      layout_loops_ring, jmf_multi_god_temple
D:4:      layout_cave_pools, trog_hazing_becter, uniq_edmund
D:5:      layout_basic, mainiacjoe_overflow_brackets, due_unseen_surprise,
          uniq_menkaure, uniq_pikel
D:6:      layout_basic, minmay_temple_entry_waves
D:7:      layout_rooms, minmay_fractal_squares_gapless_5
D:8:      layout_gridville, lemuel_mausoleum_altar_kikubaaqudgha
D:9:      layout_rooms, minitemple, grunt_lair_entry_orc_guard_hut,
          zombieorc2_lemuel, serial_shops, nicolae_shop_waterfront

Skill      XL: |  1  2  3  4  5  6  7  8  9 10 |
---------------+-------------------------------+-----
Polearms       | 4 5 6 7 8 9 10 | 10.0
Fighting       | 3 4 5 6 7 8 |  8.3
Stealth        | 5 7 10 | 10.7
Spellcasting   | 1 4 |  4.1
Summonings     | 3 |  3.4
Air Magic      | 3 |  3.4
Throwing       | |  2.0
Dodging        | |  3.0

Action                   |  1- 3 |  4- 6 |  7- 9 | 10-12 || total
-------------------------+-------+-------+-------+-------++-------
Melee: Trident           |    74 |   127 |   295 |   188 ||   684
       Constrict         |    16 |    17 |    37 |    18 ||    88
       Tentacles         |     7 |    12 |    49 |    34 ||   102
       Punch             |     1 |     1 |     2 |     5 ||     9
       Flail             |       |       |    13 |       ||    13
Throw: Dart              |       |    11 |    12 |    26 ||    49
       Javelin           |       |     1 |       |       ||     1
 Cast: Summon Lightning  |       |       |       |     5 ||     5
Invok: Curse Item        |       |     1 |     2 |       ||     3
  Use: Scroll            |     6 |     2 |     6 |     2 ||    16
       Potion            |       |       |     4 |     3 ||     7
 Stab: Sleeping          |     6 |     7 |    10 |    11 ||    34
       Distracted        |       |     1 |     2 |     3 ||     6
Armor: Skin              |     3 |    12 |    26 |    29 ||    70
Dodge: Dodged            |    30 |    59 |   112 |    77 ||   278

Table legend: (Time is in decaauts)
 A = Elapsed time spent in this place.
 B = Non-inter-level travel time spent in this place.
 C = Inter-level travel time spent in this place.
 D = Time resting spent in this place.
 E = Time spent auto-exploring this place.
 F = Levels seen in this place.
 G = Mean time per level.
                   A        B        C        D        E       F      G
               +--------+--------+--------+--------+--------+-----+--------+
         Total |   8052 |   7646 |    406 |   1306 |   4625 |   9 |  894.7 |
       Dungeon |   8052 |   7646 |    406 |   1306 |   4625 |   9 |  894.7 |
               +--------+--------+--------+--------+--------+-----+--------+

Top non-repeatable levels by time:
     D:8: 1356 daAuts
     D:5: 1139 daAuts
     D:1: 931 daAuts
     D:4: 925 daAuts
     D:2: 901 daAuts
     D:7: 874 daAuts
     D:6: 872 daAuts
     D:3: 656 daAuts
     D:9: 395 daAuts

Table legend:
 A = Kills in this place as a percentage of kills in entire the game.
 B = Kills by you in this place as a percentage of kills by you in the entire game.
 C = Kills by friends in this place as a percentage of kills by friends in the entire game.
 D = Other kills in this place as a percentage of other kills in the entire game.
 E = Experience gained in this place as a percentage of experience gained in the entire game.
 F = Experience gained in this place divided by the number of levels of this place that you have seen.
                   A       B       C       D       E      F
               +-------+-------+-------+-------+-------+----------------------
         Total | 100.0 | 100.0 | 100.0 |   N/A | 100.0 | 991.6
       Dungeon | 100.0 | 100.0 | 100.0 |   N/A | 100.0 | 991.6
               +-------+-------+-------+-------+-------+----------------------
